 Dungeon Crawl Stone Soup version 0.27-a0-789-g6bb3289e1e (webtiles) character file.

Game seed: 8968236352690054997

115 robertstho the Shooter (level 4, -18/38 HPs)
             Began as a Minotaur Hunter on Mar 26, 2021.
             Succumbed to Duvessa's poison
             ... on level 4 of the Dungeon.
             The game lasted 00:01:42 (2178 turns).

robertstho the Shooter (Minotaur Hunter)            Turns: 2178, Time: 00:01:42

Health: -18/38     AC:  5    Str: 18    XL:     4   Next: 68%
Magic:  3/3        EV: 11    Int:  8    God:
Gold:   114        SH:  0    Dex: 10    Spells: 3/3 levels left

rFire    . . .     SeeInvis .   m - +0 falchion
rCold    . . .     Faith    .   (no shield)
rNeg     . . .     Spirit   .   c - +0 leather armour
rPois    .         Reflect  .   (helmet restricted)
rElec    .         Harm     .   (no cloak)
rCorr    .         Rampage  .   l - +0 pair of gloves
Will     .....                  h - +0 pair of boots
Stlth    +.........             (no amulet)
HPRegen  0.12/turn              (no ring)
MPRegen  0.08/turn              (no ring)

@: lethally poisoned (-18 -> -49)
A: horns 2, retaliatory headbutt
a: no special abilities


You were on level 4 of the Dungeon.
You visited 1 branch of the dungeon, and saw 4 of its levels.

You collected 114 gold pieces.

Inventory:

Hand Weapons
 a - a +1 shortbow
 b - a +0 short sword
 m - a +0 falchion (weapon)
Missiles
 d - 13 arrows
Armour
 c - a +0 leather armour (worn)
 h - a +0 pair of boots (worn)
 l - a +0 pair of gloves (worn)
Scrolls
 e - a scroll of fog {unknown}
 g - 3 scrolls of identify {unknown}
 j - a scroll of brand weapon {unknown}
 n - a scroll of silence {unknown}
 o - a scroll of magic mapping {unknown}
Potions
 f - a potion of experience {unknown}
 i - a potion of invisibility {unknown}
 k - a potion of magic


   Skills:
 * Level 3.2 Fighting
 + Level 1.0 Long Blades
 * Level 5.7 Bows
 * Level 2.1 Armour
 + Level 2.3 Dodging
 - Level 0.7 Stealth


You had 3 spell levels left.
You didn't know any spells.
Your spell library was empty.

Dungeon Overview and Level Annotations

Branches:
Dungeon (4/15)
 Temple: D:4-7

Altars:
Fedhas
Ru

Annotations:
D:3 2 runed translucent doors, sleeves's ghost, amateur PaWn
D:4 Dowan; Duvessa


Innate Abilities, Weirdness & Mutations

You have a pair of horns on your head.
You reflexively headbutt those who attack you in melee.


Message History

You kill the giant cockroach!
No target in view!
No target in view!
No target in view!
No target in view!
No target in view!
No target in view!
No target in view!
There is a sacrificial altar of Ru here.
Things that are here:
a hobgoblin corpse; a ball python corpse You open the door.
There is an open door here.
Found 29 bolts.
Duvessa and Dowan come into view.
Duvessa is wielding a +0 rapier of venom.
Dowan shouts!
Duvessa shouts!
There are monsters nearby!
There are monsters nearby!
Dowan gestures at Duvessa while chanting.
Duvessa seems to speed up.
Found 2 glowing green potions.
Found a stone staircase leading down.
You closely miss Dowan. You barely miss Duvessa. Your headbutt misses Duvessa.
Duvessa hits you with a +0 rapier of venom!
You are poisoned.
Duvessa barely misses you. You furiously retaliate!
You headbutt Duvessa!
Dowan casts a spell.
Dowan blinks!
You hit Duvessa but do no damage. Your headbutt misses Duvessa.
Duvessa is moderately wounded.
You feel extremely sick.
Duvessa hits you with a +0 rapier of venom.
You are lethally poisoned!
Duvessa hits you with a +0 rapier of venom!
* * * LOW HITPOINT WARNING * * *
You are more poisoned.
It was a potion of magic.
Magic courses through your body.
Ouch! That really hurt!
You die...

###########
#.........####
#@####......(# #e#
#.##.##.# ...
#.##.##.##### .....
#.#..##......
.......#.#.###.#####
##.....##.#.##.....#
##...###.......+####
.e.!# #.#.##..#...#
#.#.##..#.†.#


You could see Duvessa (fast) and Dowan.

Vanquished Creatures
  An orc wizard (D:4)
  A hound skeleton (D:4)
  3 gnolls (D:3)
  An adder (D:3)
  An orc (D:3)
  6 endoplasms
  A giant cockroach (D:4)
  2 goblins
  4 hobgoblins
  3 jackals (D:1)
  3 quokkas
  7 ball pythons
  A frilled lizard (D:3)
  2 kobolds (D:1)
36 creatures vanquished.

Notes
Turn   | Place    | Note
-------+----------+-------------------------------------------
     0 | D:1      | robertstho the Minotaur Hunter began the quest for the Orb.
     0 | D:1      | Reached XP level 1. HP: 18/18 MP: 0/0
   134 | D:1      | Reached XP level 2. HP: 25/25 MP: 1/1
   270 | D:1      | Reached skill level 5 in Bows
   698 | D:2      | You fall into a shaft and drop 1 floor!
   828 | D:3      | Reached XP level 3. HP: 30/30 MP: 2/2
   841 | D:3      | Reached skill level 1 in Armour
  1322 | D:3      | Reached XP level 4. HP: 38/38 MP: 3/3
  1348 | D:3      | Found a large runed translucent door.
  1348 | D:3      | Found a large runed translucent door.
  1742 | D:3      | Found a blossoming altar of Fedhas.
  1906 | D:3      | Noticed sleeves's ghost (amateur PaWn)
  2060 | D:4      | Found a sacrificial altar of Ru.
  2070 | D:4      | Reached skill level 1 in Long Blades
  2173 | D:4      | Noticed Duvessa
  2173 | D:4      | Noticed Dowan
  2178 | D:4      | Succumbed to Duvessa's poison

Illustrated notes

Levels and vault maps discovered:
D:1:      lightli_arrival_farm, layout_rooms
D:2:      layout_loops_ring, item_on_display_a
D:3:      layout_loops_corners, fedhas_altar_4, ebering_ghost_disaster_area,
          wander_ebering_terrifying_dragon_lair
D:4:      layout_loops_cross, nicolae_ru_great_annihilating_truth,
          kennysheep_mini, serial_shops, shop, corexii_leaking_fountain,
          grunt_gozag_breadcrumbs, uniq_blork_the_orc, uniq_duvessa

Skill      XL: |  1  2  3  4 |
---------------+-------------+-----
Bows           | 5 |  5.7
Armour         | 1 2 |  2.1
Fighting       | 3 |  3.2
Long Blades    | 1 |  1.0
Dodging        | |  2.3
Stealth        | |  0.7

Action                   |  1- 3 |  4- 6 || total
-------------------------+-------+-------++-------
Melee: Falchion          |    40 |    33 ||    73
       Headbutt          |       |     5 ||     5
 Fire: Shortbow          |    58 |       ||    58
  Use: Potion            |     1 |     1 ||     2
 Stab: Paralysed         |       |     6 ||     6
       Sleeping          |       |     1 ||     1
Armor: Leather armour    |    14 |    11 ||    25
       Skin              |    25 |       ||    25
Dodge: Dodged            |    19 |    12 ||    31
       Rpst.: Falchion   |     3 |     1 ||     4

Table legend: (Time is in decaauts)
 A = Elapsed time spent in this place.
 B = Non-inter-level travel time spent in this place.
 C = Inter-level travel time spent in this place.
 D = Time resting spent in this place.
 E = Time spent auto-exploring this place.
 F = Levels seen in this place.
 G = Mean time per level.
                   A        B        C        D        E       F      G
               +--------+--------+--------+--------+--------+-----+--------+
         Total |   2230 |   2154 |     76 |     99 |   1792 |   4 |  557.5 |
       Dungeon |   2230 |   2154 |     76 |     99 |   1792 |   4 |  557.5 |
               +--------+--------+--------+--------+--------+-----+--------+

Top non-repeatable levels by time:
     D:3: 1285 daAuts
     D:1: 672 daAuts
     D:4: 214 daAuts
     D:2: 57 daAuts
